 Dungeon Crawl Stone Soup version 0.19.1-1-g22dce08 (webtiles) character file.

64549 dngmouse the Warrior (level 14, -6/144 HPs)
             Began as a Minotaur Berserker on Jan 18, 2017.
             Was the Champion of Trog.
             Killed from afar by a lindwurm (35 damage)
             ... with a blast of flame
             ... on level 6 of the Lair of Beasts.
             The game lasted 01:38:26 (20525 turns).

dngmouse the Warrior (Minotaur Berserker)          Turns: 20525, Time: 01:38:27

Health: -6/144     AC: 30    Str: 23    XL:     14   Next: 72%
Magic:  4/4        EV:  9    Int: 12    God:    Trog [******]
Gold:   1856       SH:  0    Dex: 23    Spells: 0 memorised, 13 levels left

rFire  . . .     SeeInvis .     a - +2 executioner's axe (antimagic)
rCold  + + .     Gourm    .     W - +3 plate armour
rNeg   + . .     Faith    .     (shield currently unavailable)
rPois  .         Spirit   .     f - +2 hat
rElec  +         Reflect  .     z - +0 cloak of Lyvviasmayq {-Cast rN+ rCorr Slay+3} (curse)
rCorr  +         Harm     .     w - +2 pair of gloves
MR     +++..     NoCast   +     P - +0 pair of boots "Adicrak" {rElec}
Stlth  ..........               D - amulet of regeneration
                                T - +5 ring of dexterity
                                p - ring "Hufenus" {Int+8 Dex+4 Slay+2}

@: exhausted, regenerating, slowed, studying Armour, very slow
A: retaliatory headbutt, horns 2, blurry vision 1, cold resistance 2,
deterioration 1, mutation resistance 1, screaming 1
a: Berserk, Trog's Hand, Brothers in Arms, Burn Spellbooks, Renounce Religion


You were on level 6 of the Lair of Beasts.
You worshipped Trog.
Trog was exalted by your worship.
You were not hungry.

You visited 3 branches of the dungeon, and saw 20 of its levels.
You also visited: Sewer and Ice Cave.

You collected 2476 gold pieces.
You spent 620 gold pieces at shops.

Inventory:

Hand Weapons
 a - a +2 antimagic executioner's axe (weapon)
 b - the +8 war axe "Acriarue" {chop, +Fly rC- rN+++}
   (You bought it in a shop on level 10 of the Dungeon)

   It inflicts extra damage upon your enemies.
   It makes you vulnerable to cold.
   It renders you almost immune to negative energy.
   It lets you fly.
 c - a +3 antimagic battleaxe
 d - a +0 broad axe of holy wrath
Armour
 f - a +2 hat (worn)
 w - a +2 pair of gloves (worn)
 z - the cursed +0 cloak of Lyvviasmayq (worn) {-Cast rN+ rCorr Slay+3}
   (You bought it in a shop on level 2 of the Orcish Mines)

   It affects your accuracy and damage with ranged weapons and melee attacks
   (+3).
   It protects you from negative energy.
   It prevents spellcasting.
   It protects you from acid and corrosion.
   It has a curse placed upon it.
 O - the +0 cloak of the Valley of Death {rC++}
   (You acquired it on level 2 of the Orcish Mines)

   It greatly protects you from cold.
 P - the +0 pair of boots "Adicrak" (worn) {rElec}
   (You found it on level 10 of the Dungeon)

   It insulates you from electricity.
 W - a +3 plate armour (worn)
Jewellery
 k - an uncursed ring of protection from fire
 p - the ring "Hufenus" (left hand) {Int+8 Dex+4 Slay+2}
   (You found it on level 6 of the Lair of Beasts)

   [ring of dexterity]

   It affects your intelligence (+8).
   It affects your dexterity (+4).
   It affects your accuracy and damage with ranged weapons and melee attacks
   (+2).
 D - an amulet of regeneration (around neck)
 G - an uncursed ring of ice
 H - an uncursed ring of see invisible
 T - a +5 ring of dexterity (right hand)
Wands
 n - a wand of disintegration (8/24)
 o - a wand of enslavement (3/24)
 q - a wand of flame (20/48)
 t - a wand of lightning (2/15)
 y - a wand of lightning (10/15)
 A - a wand of confusion (13/48)
 E - a wand of acid (5/15)
 I - a wand of flame (27/48)
 K - a wand of acid (9/15)
 L - a wand of slowing (30/48)
 M - a wand of random effects (14/48)
 Q - a wand of polymorph (15/24)
 S - a wand of polymorph (16/24)
Scrolls
 e - 6 scrolls of identify
 m - 6 scrolls of enchant weapon
 r - 9 scrolls of remove curse
 F - a scroll of blinking
 J - 4 scrolls of recharging
 N - 5 scrolls of teleportation
Potions
 i - 3 potions of agility
 j - 7 potions of curing
 u - 5 potions of magic
 X - a potion of flight
Books
 Z - a manual of Armour
Miscellaneous
 R - a phial of floods
 U - a phial of floods
Comestibles
 g - 3 chunks of flesh
 h - 4 beef jerkies
 l - 11 royal jellies
 s - 5 meat rations
 v - 12 fruits
 x - 2 slices of pizza
 V - 6 bread rations


   Skills:
 - Level 18.5 Fighting
 + Level 18.4 Axes
 * Level 17.0 Armour
 - Level 2.1 Dodging
 - Level 1.0 Evocations


You had 13 spell levels left.
You didn't know any spells.

Dungeon Overview and Level Annotations

Branches:
Dungeon (12/15)            Temple (0/1) D:4            Lair (6/6) D:11
 Shoals (0/4) Lair:2        Snake (0/4) Lair:2        Slime (0/5) Lair:6
    Orc (2/2) D:11            Elf (0/3) Orc:2

Altars:
Ashenzari
Fedhas
Makhleb
Okawaru
Qazlal
Sif Muna
Uskayaw
Beogh
Jiyva

Shops:
D:8 }   D:10 :%([(   Orc:1 ?   Orc:2 [[}%

Annotations:
Lair:6 1 runed door


Innate Abilities, Weirdness & Mutations

You reflexively headbutt those who attack you in melee.
You have a pair of horns on your head.
Scrolls take you a little longer to read.
Your flesh is very cold resistant. (rC++)
Your body sometimes deteriorates upon taking damage.
You are somewhat resistant to further mutation.
You occasionally shout uncontrollably at your foes.


Message History

* * * LOW HITPOINT WARNING * * *
Unknown command.
You slice the molten gargoyle!!
You destroy the molten gargoyle!
Trog accepts your kill.
You closely miss the basilisk. You barely miss the lindwurm.
The basilisk barely misses you. You furiously retaliate!
You headbutt the basilisk!
The lindwurm bites you but does no damage.
The lindwurm claws you but does no damage.
The lindwurm closely misses you.
The basilisk bites you but does no damage.
You slice the basilisk!!
You kill the basilisk!
Trog accepts your kill.
Your Armour skill increases to level 17!
You slash the lindwurm! The lindwurm breathes flames at you.
The blast of flame hits you!
You die...

......................
......................
............##..##....
......
............##..# ...
.......
..........####†)## ..
....... .###.....##
##...# . ....... .#
###.### ##....#
....... .# ###
#8#.....## ....... .#
#......†@†# #..... .#
8......k).# #.... ..
......#....# #.... ..
#.....#.....# #.... .#
##...FS#....# ##... .#
##...≈≈...## ##.. # ##
≈≈≈§#.. ##. #
≈≈..≈≈≈§§ #. # #.


You could see a lindwurm and a lava snake.

Vanquished Creatures
  Azrael (D:12)
  Snorg (Lair:3)
  Fannar (D:12)
  Erolcha (Orc:1)
  7 hydras
  Erica (D:8)
  2 ice dragons (IceCv)
  The ghost of Thomus the Thaumaturge, a journeyman DsWz of Xom (IceCv)
  2 death yaks (Lair:4)
  7 orc high priests (Orc:2)
  Pikel (D:9)
  2 orc knights
  An oklob plant (Lair:3)
  2 deep elf magi
  2 orc sorcerers (Orc:2)
  An ugly thing (D:12)
  A cyclops (Orc:2)
  Maurice (D:9)
  2 sirens (Lair:2)
  Joseph (D:7)
  2 centaur skeletons
  Psyche (D:9)
  2 ice statues (IceCv)
  4 black mambas
  A torpor snail (Lair:6)
  2 molten gargoyles (Lair:6)
  12 spiny frogs
  2 rime drakes (IceCv)
  11 komodo dragons
  5 polar bears
  3 trolls
  2 merfolk (Lair:2)
  A two-headed ogre (D:11)
  22 blink frogs
  Prince Ribbit (D:5)
  12 hippogriffs
  A meliai zombie (D:11)
  A shadow (D:12)
  5 wyverns
  3 wraiths
  4 fire elementals (D:12)
  43 yaks
  5 basilisks
  5 wargs
  A hungry ghost (D:10)
  3 mottled dragons
  2 nagas (Lair:2)
  5 hell hounds
  12 porcupines
  9 water moccasins
  A hornet zombie (D:9)
  12 orc warriors
  4 sky beasts
  17 ice beasts
  3 black bears (D:7)
  The ghost of dngmouse the Chopper, an amateur MiBe of Trog (D:3)
  2 phantoms
  4 slaves (D:9)
  A necrophage (D:10)
  10 ogres
  4 centaurs
  3 wolves (Lair:4)
  10 crocodiles
  6 big kobolds
  14 bullfrogs
  5 scorpions
  11 killer bees
  4 electric eels (D:7)
  10 howler monkeys
  6 crimson imps
  7 jellies
  A quasit (D:12)
  2 centaur zombies
  A bullfrog skeleton (D:5)
  4 hounds
  35 orc priests
  Ijyb (D:3)
  4 iguanas
  13 orc wizards
  6 worker ants
  19 adders
  6 river rats (Sewer)
  A shadow imp (D:11)
  12 white imps (Lair:5)
  7 oozes
  4 adder skeletons (D:5)
  3 adder zombies
  3 worms
  3 dart slugs
  2 leopard geckos
  115 orcs
  5 ball pythons
  9 bats
  6 giant cockroaches
  12 goblins
  8 hobgoblins
  16 jackals
  28 kobolds
  10 quokkas
  4 frilled lizards
  A leopard gecko zombie (D:7)
  A quokka skeleton (D:7)
  31 rats
  2 bushes (Lair:3)
  11 fungi
  8 plants
749 creatures vanquished.

Vanquished Creatures (collateral kills)
  An orc warrior (Orc:1)
  2 orcs (Orc:1)
3 creatures vanquished.

Vanquished Creatures (others)
  An orc wizard (D:12)
  A quokka (D:7)
  3 fungi
  4 plants
9 creatures vanquished.

Grand Total: 761 creatures vanquished

Notes
Turn   | Place    | Note
-------+----------+-------------------------------------------
     0 | D:1      | dngmouse the Minotaur Berserker began the quest for the Orb.
     0 | D:1      | Reached XP level 1. HP: 19/19 MP: 0/0
   199 | D:1      | Reached XP level 2. HP: 27/27 MP: 1/1
   644 | D:1      | Reached ** piety under Trog
   673 | D:1      | Reached XP level 3. HP: 33/33 MP: 2/2
   767 | D:2      | Reached skill level 5 in Axes
   886 | D:2      | Found a faded altar of an unknown god.
   898 | D:2      | Reached XP level 4. HP: 37/40 MP: 3/3
  1492 | D:3      | Reached XP level 5. HP: 33/46 MP: 4/4
  1573 | D:3      | Noticed Ijyb
  1583 | D:3      | Killed Ijyb
  1717 | D:3      | Noticed dngmouse's ghost (amateur MiBe)
  1730 | D:3      | Killed dngmouse's ghost
  1730 | D:3      | Reached XP level 6. HP: 50/52 MP: 5/5
  1946 | D:3      | Reached *** piety under Trog
  2476 | D:4      | Found a staircase to the Ecumenical Temple.
  2592 | D:4      | Found an iron altar of Okawaru.
  2698 | D:5      | Entered Level 5 of the Dungeon
  2712 | D:5      | Found a shattered altar of Ashenzari.
  2712 | D:5      | Found a hide-covered altar of Uskayaw.
  2713 | D:5      | Found a stormy altar of Qazlal.
  2961 | D:5      | Noticed Prince Ribbit
  2990 | D:5      | Killed Prince Ribbit
  2990 | D:5      | Reached skill level 10 in Axes
  2990 | D:5      | Reached XP level 7. HP: 34/59 MP: 6/6
  3188 | D:5      | Reached **** piety under Trog
  3396 | D:5      | You fall through a shaft!
  3443 | D:6      | Found a glowing drain.
  3473 | Sewer    | Entered a sewer
  3647 | Sewer    | Reached XP level 8. HP: 61/66 MP: 7/7
  4307 | D:5      | Reached ***** piety under Trog
  4563 | D:4      | Found a blossoming altar of Fedhas.
  4664 | D:6      | Reached skill level 5 in Fighting
  4793 | D:6      | Reached XP level 9. HP: 51/75 MP: 5/8
  5141 | D:6      | Gained mutation: You occasionally shout uncontrollably at your foes. [mutagenic meat]
  5142 | D:6      | Gained mutation: Your body sometimes deteriorates upon taking damage. [mutagenic meat]
  5149 | D:6      | Gained mutation: Your flesh is cold resistant. (rC+) [potion of beneficial mutation]
  6047 | D:7      | Received a gift from Trog
  6156 | D:7      | Noticed Joseph
  6250 | D:6      | Reached skill level 10 in Fighting
  6362 | D:7      | Killed Joseph
  7020 | D:7      | Reached XP level 10. HP: 76/96 MP: 9/9
  7787 | D:8      | Found a burning altar of Makhleb.
  8280 | D:8      | Found Lyffyuno's Gadget Boutique.
  8537 | D:8      | Noticed Erica
  8576 | D:8      | Killed Erica
  9428 | D:9      | Noticed Psyche
  9440 | D:9      | Killed Psyche
  9768 | D:9      | Noticed Maurice
  9790 | D:9      | Reached XP level 11. HP: 108/108 MP: 10/10
  9829 | D:9      | Killed Maurice
 10078 | D:9      | Noticed Pikel
 10097 | D:9      | Killed Pikel
 10154 | D:10     | Entered Level 10 of the Dungeon
 10319 | D:10     | Found a roughly hewn altar of Beogh.
 10340 | D:10     | Received a gift from Trog
 10687 | D:10     | Found Ryriwiti's Antique Weapon Shoppe.
 10703 | D:10     | Bought a steaming war axe for 297 gold pieces
 10703 | D:10     | Identified the +8 war axe "Acriarue" {chop, +Fly rC- rN+++} (You bought it in a shop on level 10 of the Dungeon)
 10749 | D:10     | Found Xichaub's Book Emporium.
 10864 | D:10     | Reached skill level 5 in Armour
 10896 | D:10     | Found Tesau's Antique Armour Boutique.
 10930 | D:10     | Found Rureq's Food Boutique.
 11068 | D:10     | Got a pair of transparent boots
 11079 | D:10     | Identified the +0 pair of boots "Adicrak" {rElec} (You found it on level 10 of the Dungeon)
 11223 | D:10     | Found Xyigis's Antique Weapon Shop.
 11428 | D:11     | Found a staircase to the Lair.
 11460 | D:11     | Noticed a deep elf mage
 11475 | D:11     | Killed a deep elf mage
 11705 | D:11     | Found a roughly hewn altar of Beogh.
 11705 | D:11     | Found a staircase to the Orcish Mines.
 11710 | D:11     | Noticed an orc knight
 11721 | D:11     | Reached skill level 15 in Axes
 11735 | D:11     | Killed an orc knight
 11735 | D:11     | Reached skill level 15 in Fighting
 11951 | D:12     | Noticed a red ugly thing
 11967 | D:12     | Killed a red ugly thing
 11979 | D:12     | Gained mutation: Your flesh is very cold resistant. (rC++) [mutagenic meat]
 11980 | D:12     | Gained mutation: You possess an exceptional clarity of mind. [mutagenic meat]
 11981 | D:12     | Lost mutation: You possess an exceptional clarity of mind. [mutagenic meat]
 11982 | D:12     | Gained mutation: You possess an exceptional clarity of mind. [mutagenic meat]
 11983 | D:12     | Gained mutation: Scrolls take you a little longer to read. [mutagenic meat]
 12205 | D:12     | Found a deep blue altar of Sif Muna.
 12277 | D:12     | Identified Sif Muna's Compendium of the Frostbite
 12318 | D:12     | Reached XP level 12. HP: 110/121 MP: 11/11
 12346 | D:12     | Noticed Fannar
 12365 | D:12     | Killed Fannar
 12408 | D:12     | Noticed Azrael
 12423 | D:12     | Killed Azrael
 13153 | Orc:1    | Entered Level 1 of the Orcish Mines
 13153 | Orc:1    | Noticed Erolcha
 13163 | Orc:1    | Killed Erolcha
 13186 | Orc:1    | Found Zetaghua's Magic Scroll Emporium.
 13212 | Orc:1    | Bought a scroll of recharging for 114 gold pieces
 13355 | Orc:1    | You fall through a shaft!
 13355 | Orc:2    | Entered Level 2 of the Orcish Mines
 13355 | Orc:2    | Found a staircase to the Elven Halls.
 13442 | Orc:2    | Noticed an orc high priest
 13443 | Orc:2    | Reached ****** piety under Trog
 13461 | Orc:2    | Noticed an orc high priest
 13504 | Orc:2    | Killed an orc high priest
 13520 | Orc:2    | Found a roughly hewn altar of Beogh.
 13555 | Orc:2    | Killed an orc high priest
 13739 | Orc:2    | Noticed an orc high priest
 13749 | Orc:2    | Killed an orc high priest
 13782 | Orc:2    | Noticed an orc high priest
 13784 | Orc:2    | Noticed an orc high priest
 13791 | Orc:2    | Killed an orc high priest
 13795 | Orc:2    | Killed an orc high priest
 13810 | Orc:2    | Identified a scroll of acquirement
 13810 | Orc:2    | Got a faintly glowing cloak
 13821 | Orc:2    | Identified the +0 cloak of the Valley of Death {rC++} (You acquired it on level 2 of the Orcish Mines)
 13865 | Orc:2    | Found a roughly hewn altar of Beogh.
 13873 | Orc:2    | Noticed an orc high priest
 13874 | Orc:2    | Found Gewerch's Food Emporium.
 13874 | Orc:2    | Found Keikumm's Gadget Boutique.
 13874 | Orc:2    | Noticed an orc high priest
 13881 | Orc:2    | Received a gift from Trog
 13890 | Orc:2    | Killed an orc high priest
 13891 | Orc:2    | Killed an orc high priest
 13975 | Orc:2    | Found Ehygeuf's Antique Armour Emporium.
 13975 | Orc:2    | Found Vueqeg's Armour Boutique.
 13993 | Orc:2    | Reached XP level 13. HP: 85/133 MP: 10/12
 14085 | Orc:2    | Bought a faintly humming cloak for 209 gold pieces
 14095 | Orc:2    | Identified the cursed +0 cloak of Lyvviasmayq {-Cast rN+ rCorr Slay+3} (You bought it in a shop on level 2 of the Orcish Mines)
 14684 | Lair:1   | Entered Level 1 of the Lair of Beasts
 15268 | Lair:2   | Identified the Grimoire of the Creative Frostbite
 15293 | Lair:2   | Reached skill level 10 in Armour
 15339 | Lair:2   | Found a staircase to the Shoals.
 15368 | Lair:2   | Reached skill level 1 in Evocations
 15597 | Lair:2   | Found a staircase to the Snake Pit.
 16358 | Lair:3   | Noticed Snorg
 16366 | Lair:3   | Killed Snorg
 16368 | Lair:3   | Received a gift from Trog
 18692 | Lair:5   | Reached XP level 14. HP: 93/144 MP: 4/13
 18727 | Lair:5   | Received a gift from Trog
 18734 | Lair:5   | Found a frozen archway.
 18821 | IceCv    | Entered an ice cave
 18906 | IceCv    | Noticed Thomus's ghost (journeyman DsWz)
 18912 | IceCv    | Killed Thomus's ghost
 19610 | Lair:5   | Gained mutation: You are somewhat resistant to further mutation. [potion of mutation]
 19611 | Lair:5   | Lost mutation: You possess an exceptional clarity of mind. [potion of mutation]
 19938 | Lair:6   | Entered Level 6 of the Lair of Beasts
 20222 | Lair:6   | Received a gift from Trog
 20225 | Lair:6   | Reached skill level 15 in Armour
 20266 | Lair:6   | Got a steaming golden ring
 20269 | Lair:6   | Identified the ring "Hufenus" {Int+8 Dex+4 Slay+2} (You found it on level 6 of the Lair of Beasts)
 20441 | Lair:6   | Found a runed door.
 20441 | Lair:6   | Found a viscous altar of Jiyva.
 20441 | Lair:6   | Found a staircase to the Slime Pits.
 20525 | Lair:6   | Killed from afar by a lindwurm

Skill      XL: |  1  2  3  4  5  6  7  8  9 10 11 12 13 14 |
---------------+-------------------------------------------+-----
Axes           | 4 5 6 8 10 11 13 14 15 16 17 18 | 18.4
Fighting       | 4 6 11 13 15 17 18 | 18.5
Armour         | 4 6 9 11 17 | 17.0
Evocations     | 1 |  1.0
Dodging        | |  2.1

Action                   |  1- 3 |  4- 6 |  7- 9 | 10-12 | 13-15 || total
-------------------------+-------+-------+-------+-------+-------++-------
Melee: Hand axe          |    42 |   185 |   452 |    90 |       ||   769
       Headbutt          |    10 |    37 |   100 |   148 |   129 ||   424
       War axe           |       |       |       |   687 |    27 ||   714
       Executioner's axe |       |       |       |       |   477 ||   477
Invok: Berserk           |       |     1 |     1 |     4 |     3 ||     9
       Trog's Hand       |       |       |     1 |     8 |     2 ||    11
       Burn Spellbooks   |       |       |       |     1 |     4 ||     5
       Brothers in Arms  |       |       |       |       |     1 ||     1
 Abil: Evoke Flight      |       |       |       |     1 |     1 ||     2
Evoke: Phial of floods   |       |       |       |     1 |     1 ||     2
       Wand              |       |       |       |       |     7 ||     7
  Use: Scroll            |     1 |       |     7 |     6 |     9 ||    23
       Potion            |       |       |    10 |     6 |     5 ||    21
  Eat: Chunk             |       |     8 |    14 |    38 |    24 ||    84
       Fruit             |       |       |       |       |     1 ||     1
Armor: Animal skin       |    13 |     9 |       |       |       ||    22
       Plate armour      |       |    68 |   188 |   424 |   567 ||  1247
Dodge: Dodged            |    28 |    53 |   100 |   199 |   287 ||   667
Block: Buckler           |       |       |    15 |    68 |       ||    83
